 Dungeon Crawl Stone Soup version 0.26.1-11-gd32895ea62 (webtiles) character file.

Game seed: 9793800719119627648

53 ubername the Slasher (level 3, -2/33 HPs)
             Began as a Minotaur Berserker on May 17, 2021.
             Was a Follower of Trog.
             Slain by an orc
             ... wielding a +0 falchion
              (3 damage)
             ... on level 2 of the Dungeon.
             The game lasted 00:01:59 (1465 turns).

ubername the Slasher (Minotaur Berserker)           Turns: 1465, Time: 00:01:59

Health: -2/33      AC:  3    Str: 21    XL:     3   Next: 64%
Magic:  2/2        EV: 12    Int:  4    God:    Trog [*.....]
Gold:   38         SH:  0    Dex: 10    Spells: 2/2 levels left

rFire    . . .     SeeInvis .   a - +0 falchion
rCold    . . .     Faith    .   (no shield)
rNeg     . . .     Spirit   .   d - +0 leather armour
rPois    .         Reflect  .   (helmet restricted)
rElec    .         Harm     .   (no cloak)
rCorr    .         Rampage  .   (no gloves)
Will     .....                  (no boots)
Stlth    +.........             (no amulet)
HPRegen  0.11/turn              (no ring)
MPRegen  0.08/turn              (no ring)

@: no status effects
A: retaliatory headbutt, horns 2
a: Renounce Religion, Berserk


You were on level 2 of the Dungeon.
You worshipped Trog.
Trog was aware of your devotion.
You visited 1 branch of the dungeon, and saw 2 of its levels.

You collected 38 gold pieces.

Inventory:

Hand Weapons
 a - a +0 falchion (weapon)
Armour
 b - a +0 animal skin
 d - a +0 leather armour (worn)
Scrolls
 h - 3 scrolls of identify {unknown}
Potions
 c - a potion of attraction {unknown}
 e - a potion of might {unknown}
 f - 2 potions of berserk rage {unknown}
 g - a potion of resistance {unknown}


   Skills:
 + Level 4.1 Fighting
 + Level 4.5 Long Blades
 + Level 3.0 Armour
 + Level 2.7 Dodging


You had 2 spell levels left.
You didn't know any spells.
Your spell library was empty.

Dungeon Overview and Level Annotations

Branches:
Dungeon (2/15)

Altars:


Innate Abilities, Weirdness & Mutations

You reflexively headbutt those who attack you in melee.
You have a pair of horns on your head.


Message History

There is an open door here.
You hit the orc warrior.
The orc warrior is lightly wounded.
You completely miss the orc warrior.
The orc warrior is lightly wounded.
The orc wizard shouts!
The orc warrior hits you with a +0 war axe!
The orc barely misses you.
You completely miss the orc warrior.
The orc shouts!
You headbutt the orc warrior.
The orc warrior is lightly wounded.
The orc warrior hits you with a +0 war axe!!
Ouch! That really hurt!
* * * LOW HITPOINT WARNING * * *
The orc barely misses you.
As you read the scroll labelled PADWYSSEQAUTS, it crumbles to dust.
It is a scroll of amnesia.
You feel forgetful for a moment. The orc hits you with a +0 falchion.
You die...

#. #.###### #....... #......#
#....... #.....!# #.......
#......# #########.......
#$.....# #...............
####......####...............
#.....$..oKo@'.........).....
#.......ow##o#........†......
+......o#########............
#.......# ##>## #............
#.......##8..^8 #.....#####..
#......###.....##.....# #..
#..o... #8.....8#.....# #..
#....[. ##.....######## #..
....... #.#


You could see an orc warrior, an orc wizard, a dart slug, 3 orcs and a kobold.

Vanquished Creatures
  2 adders (D:2)
  2 oozes (D:2)
  2 dart slugs
  6 bats
  A giant cockroach (D:2)
  2 goblins (D:1)
  5 hobgoblins
  A quokka (D:2)
  A kobold (D:2)
  4 rats
26 creatures vanquished.

Notes
Turn   | Place    | Note
-------+----------+-------------------------------------------
     0 | D:1      | ubername the Minotaur Berserker began the quest for the
                  | Orb.
     0 | D:1      | Reached XP level 1. HP: 19/19 MP: 0/0
   485 | D:1      | Reached XP level 2. HP: 22/27 MP: 1/1
  1235 | D:2      | Reached XP level 3. HP: 33/33 MP: 2/2
  1451 | D:2      | Noticed an orc warrior
  1464 | D:2      | HP: 1/33 [orc warrior/+0 war axe (22)]
  1465 | D:2      | Slain by an orc

Illustrated notes

Levels and vault maps discovered:
D:1:      dpeg_arrival_circle_labyrinth_c, layout_loops_ring, serial_bayou,
          serial_bayou_ford_a, serial_bayou_lagoon_a, serial_bayou_pond_e,
          serial_bayou_crossing, chequers_serial_rivers_large_a,
          minmay_misc_feat_nine_boxes
D:2:      layout_basic, nicolae_overflow_hidden_temple,
          chequers_temple_overflow_statue_of_worship

Skill      XL: |  1  2 |
---------------+-------+-----
Long Blades    | 4 |  4.5
Fighting       | 4 |  4.1
Armour         | 3 |  3.0
Dodging        | |  2.7

Action                   || total
-------------------------++-------
Melee: Falchion          ||    51
       Headbutt          ||    12
  Use: Scroll            ||     1
Armor: Leather armour    ||    16
Dodge: Dodged            ||    48
       Rpst.: Falchion   ||    14
